 Dungeon Crawl Stone Soup version 0.26.1-11-gd32895ea62 (webtiles) character file.

Game seed: 14509341106575312953

96306 Almogavar the Warrior (level 16, -15/157 HPs)
             Began as a Hill Orc Fighter on Apr 24, 2021.
             Was a High Priest of Okawaru.
             Killed from afar by a lich (50 damage)
             ... with a bolt of lightning
             ... on level 12 of the Dungeon on Apr 25, 2021.
             The game lasted 01:11:47 (26058 turns).

Almogavar the Warrior (Hill Orc Fighter)           Turns: 26058, Time: 01:11:48

Health: -15/157    AC: 27    Str: 30    XL:     16   Next: 16%
Magic:  19/19      EV: 14    Int: 11    God:    Okawaru [*****.]
Gold:   2075       SH: 12    Dex: 12    Spells: 15/15 levels left

rFire    . . .     SeeInvis .   c - +7 hand axe "Bysy" {vorpal, +Rage Str+2}
rCold    . . .     Faith    .   N - +1 buckler {rPois}
rNeg     + . .     Spirit   .   z - +0 plate armour
rPois    +         Reflect  +   A - +0 helmet {Int+3}
rElec    .         Harm     .   n - +2 cloak
rCorr    .         Rampage  .   Q - +2 pair of gloves
Will     ++...                  b - +0 pair of boots
Stlth    ..........             j - amulet of reflection
HPRegen  0.36/turn              t - +4 ring of evasion
MPRegen  0.16/turn              H - ring of Yesterday {rN+ Will+ Str+2 Dex+2}

@: no status effects
A: no striking features
a: Renounce Religion, Evoke Berserk Rage, Heroism, Finesse


You were on level 12 of the Dungeon.
You worshipped Okawaru.
Okawaru was extremely pleased with you.
You visited 3 branches of the dungeon, and saw 20 of its levels.
You also visited: Volcano.

You collected 2565 gold pieces.
You spent 490 gold pieces at shops.

Inventory:

Hand Weapons
 c - the +7 hand axe "Bysy" (weapon) {vorpal, +Rage Str+2}
   (Okawaru gifted it to you on level 1 of the Orcish Mines)

   It inflicts extra damage upon your enemies.
   It affects your strength (+2).
   It lets you go berserk.
 u - a +3 flail
Missiles
 k - 37 boomerangs (quivered)
 J - 19 javelins
 K - 13 silver javelins
Armour
 a - the +1 chain mail "Ruwn" {-Tele rPois MP+9 SInv}
   (Okawaru gifted it to you on level 4 of the Lair of Beasts)

   It protects you from poison.
   It affects your magic capacity (+9).
   It lets you see invisible.
   It prevents most forms of teleportation.
 b - a +0 pair of boots (worn)
 n - a +2 cloak (worn)
 z - a +0 plate armour (worn)
 A - a +0 helmet of intelligence (worn)
 I - a +0 kite shield of reflection
 N - a +1 buckler of poison resistance (worn)
 Q - a +2 pair of gloves (worn)
 S - a +2 chain mail of fire resistance
Jewellery
 j - an amulet of reflection (around neck)
 l - an uncursed ring of positive energy
 r - an uncursed ring of protection from cold
 t - a +4 ring of evasion (left hand)
 y - a +6 ring of dexterity
 G - an uncursed ring of ice
 H - the ring of Yesterday (right hand) {rN+ Will+ Str+2 Dex+2}
   (You bought it in a shop on level 6 of the Dungeon)

   [ring of willpower]

   It affects your strength (+2).
   It affects your dexterity (+2).
   It protects you from negative energy.
   It affects your willpower, your defense against some magical effects.
 P - the ring "Pauts" {Ice rPois Str+5}
   (You found it on level 2 of the Lair of Beasts)

   [ring of ice]

   It enhances your ice magic.
   It affects your strength (+5).
   It makes you vulnerable to fire.
   It protects you from cold.
   It protects you from poison.
 Y - an uncursed ring of willpower
Wands
 o - a wand of flame (58)
 L - a wand of iceblast (15)
 X - a wand of disintegration (19)
Scrolls
 f - 5 scrolls of fear
 g - 4 scrolls of remove curse
 h - 4 scrolls of amnesia
 s - 12 scrolls of teleportation
 x - 2 scrolls of enchant weapon
 D - 2 scrolls of summoning {unknown}
 F - a scroll of fog
 V - 2 scrolls of magic mapping
 Z - 2 scrolls of blinking
Potions
 d - 4 potions of might
 e - 6 potions of heal wounds
 i - a potion of ambrosia {unknown}
 p - 12 potions of curing
 C - 4 potions of haste
 E - 2 potions of brilliance
 M - a potion of cancellation {unknown}
 O - a potion of magic {unknown}
 R - a potion of experience {unknown}
 T - 3 potions of resistance
 U - a potion of flight {unknown}
 W - 2 potions of invisibility {unknown}


   Skills:
 + Level 17.9 Fighting
 - Level 14.5 Axes
 - Level 0.7(8.2) Maces & Flails
 + Level 9.6 Throwing
 + Level 15.0 Armour
 + Level 4.0 Dodging
 + Level 4.2 Stealth
 - Level 10.8 Shields
 + Level 4.0 Invocations


You had 15 spell levels left.
You didn't know any spells.
Your spell library contained the following spells:

 Spells                   Type           Power        Failure   Level
 Magic Dart               Conj           0%           88%         1
 Searing Ray              Conj           0%           96%         2
 Dazzling Flash           Conj/Hex       0%           99%         3
 Fulminant Prism          Conj/Hex       0%           100%        4
 Iskenderun's Mystic Bla  Conj/Tloc      0%           100%        4
 Leda's Liquefaction      Hex/Erth       0%           100%        4
 Bolt of Magma            Conj/Fire/Erth 0%           100%        5
 Irradiate                Conj/Tmut      0%           100%        5
 Iskenderun's Battlesphe  Conj           0%           100%        5
 Hydra Form               Tmut           0%           100%        6
 Iron Shot                Conj/Erth      0%           100%        6
 Statue Form              Tmut/Erth      0%           100%        6
 Dragon Form              Tmut           0%           100%        7
 Orb of Destruction       Conj           0%           100%        7
 Spellforged Servitor     Conj/Summ      0%           100%        7
 Shatter                  Erth           0%           100%        9


Dungeon Overview and Level Annotations

Branches:
Dungeon (12/15)            Temple (0/1) D:6            Lair (6/6) D:8
 Shoals (0/4) Lair:3       Spider (0/4) Lair:4        Slime (0/5) Lair:6
    Orc (2/2) D:11            Elf (0/3) Orc:2       Volcano (visited)

Altars:
Fedhas
Kikubaaqudgha
Makhleb
Okawaru
Qazlal
Ru
Sif Muna
Trog
Uskayaw
Vehumet
Wu Jian
Xom
Jiyva

Shops:
D:5 *   D:6 =   Orc:2 !*}*

Annotations:
D:12 1 runed translucent door, grovkorv's ghost, journeyman BaBr


Message History

You are too injured to fight recklessly!
You are too injured to fight recklessly!
You are too injured to fight recklessly!
You hit the freezing wraith.
The freezing wraith is almost destroyed.
Something hits you.
You slice the freezing wraith!!
You destroy the freezing wraith!
Okawaru accepts your kill. Something hits you but does no damage.
Something hits you but does no damage. Something barely misses you.
The ettin hits you with a +0 dire flail!!
The ettin hits you with a +0 dire flail!
* * * LOW HITPOINT WARNING * * *
You hear some strange, mumbled words.
Something tries to affect you, but you resist.
The lich gestures at you while chanting.
The bolt of lightning hits you!!!
You die...

#.......#..###..)..# #..###..#
####...##.##..##..##..#)...#8#..#
#.##..##...#......#####.##.#.#.##
......##...........####.#8(8.8.8#
......###..........##.#.=.......#
#....####.............#....###..♣
........#..###........#.♣.##.##..
#...#...#..###....C..##W{L#...#..
#####.....###...@....###.♣#.⌠.#W♣
###...................#.{#...#..
#....##.#.............#†##...##+
##...####.............LW........
########.......###.............
##....######...............
##..........................
##............##.............
#....##.................#....


You could see a lich and an ettin (soul bound).

Vanquished Creatures
  A sphinx (D:12)
  An orc warlord (Orc:2)
  A stone giant (Volcano)
  The ghost of Reubyar the Impaler, a journeyman MiBe of Trog (Lair:2)
  3 boulder beetles
  Erolcha (Orc:2)
  5 hydras
  2 catoblepae
  14 two-headed ogres
  3 ogre magi
  2 deep trolls
  5 lindwurms
  An orc knight (Orc:2)
  4 orc sorcerers
  2 oklob plants (Lair:3)
  An ugly thing (D:11)
  2 cyclopes (Orc:2)
  2 manticores
  23 elephants
  4 black mambas
  Psyche (D:8)
  18 cane toads
  Maggie (D:6)
  2 gargoyles (Volcano)
  A torpor snail (Lair:5)
  4 rime drakes
  An efreet (Volcano)
  A freezing wraith (D:12)
  12 trolls
  13 komodo dragons
  5 hornets
  5 polar bears
  19 dream sheep
  29 blink frogs
  13 spriggans (Lair:6)
  A shadow (D:11)
  A wraith (D:8)
  A vampire (D:12)
  4 wyverns
  A steam dragon (Lair:4)
  54 yaks
  8 vampire mosquitoes (D:12)
  6 basilisks
  2 wargs
  Duvessa (D:7)
  14 water moccasins
  6 ice beasts
  4 sky beasts
  15 black bears
  3 necrophages
  22 orc warriors
  3 phantoms
  5 boggarts (Lair:6)
  17 centaurs
  23 ogres
  29 wolves
  A big kobold (D:12)
  A gnoll sergeant (D:9)
  15 bullfrogs
  An earth elemental (Volcano)
  2 water moccasin zombies (D:10)
  Dowan (D:7)
  4 scorpions
  15 killer bees
  12 wights
  3 howler monkeys
  4 electric eels
  A crimson imp (D:9)
  4 jellies
  4 centaur zombies
  3 hounds
  32 orc wizards
  A bullfrog zombie (D:4)
  15 orc priests
  Crazy Yiuf (D:6)
  3 bullfrog skeletons
  4 iguanas
  Terence (D:2)
  9 worker ants
  4 hell rats (Lair:5)
  A bullfrog simulacrum (D:9)
  A centaur simulacrum (D:9)
  5 hound zombies
  A hound skeleton (D:9)
  11 gnolls
  11 adders
  3 shadow imps
  4 white imps
  3 ufetubi
  2 adder skeletons
  An adder zombie (D:7)
  3 worms
  5 dart slugs
  An adder simulacrum (D:9)
  2 leopard geckos
  100 orcs
  4 giant cockroaches
  4 goblins
  10 hobgoblins
  12 jackals
  6 quokkas
  2 ball pythons
  5 bats
  7 frilled lizards
  A jackal skeleton (D:5)
  4 jackal zombies
  7 kobolds
  A leopard gecko skeleton (D:4)
  A leopard gecko zombie (D:4)
  A quokka simulacrum (D:9)
  A quokka skeleton (D:7)
  11 rats
795 creatures vanquished.

Vanquished Creatures (others)
  An orc wizard (Orc:2)
  26 fungi
  46 plants
  A withered plant (D:4)
74 creatures vanquished.

Grand Total: 869 creatures vanquished

Notes
Turn   | Place    | Note
-------+----------+-------------------------------------------
     0 | D:1      | Almogavar the Hill Orc Fighter began the quest for the Orb.
     0 | D:1      | Reached XP level 1. HP: 19/19 MP: 1/1
   195 | D:1      | Reached XP level 2. HP: 27/27 MP: 2/2
   287 | D:1      | Found an iron altar of Okawaru.
   294 | D:1      | Became a worshipper of Warmaster Okawaru
   415 | D:1      | Reached skill level 4 in Fighting
   907 | D:2      | Reached XP level 3. HP: 33/33 MP: 3/3
   923 | D:2      | Noticed an ice beast
   961 | D:2      | Killed an ice beast
   962 | D:2      | Reached XP level 4. HP: 11/41 MP: 4/4
   962 | D:2      | Reached XP level 5. HP: 12/47 MP: 5/5
  1345 | D:2      | Noticed a phantom
  1357 | D:2      | Reached skill level 1 in Dodging
  1382 | D:2      | Killed a phantom
  1382 | D:2      | Reached * piety under Okawaru
  1383 | D:2      | Reached skill level 5 in Axes
  1383 | D:2      | Reached XP level 6. HP: 39/53 MP: 6/6
  1611 | D:2      | Noticed Terence
  1623 | D:2      | Killed Terence
  2077 | D:3      | Found a blossoming altar of Fedhas.
  2226 | D:3      | Found a stormy altar of Qazlal.
  2288 | D:3      | Found an ornate altar of the Wu Jian Council.
  2291 | D:3      | Found an ancient bone altar of Kikubaaqudgha.
  2291 | D:3      | Found an ornate altar of the Wu Jian Council.
  2293 | D:3      | Found a shimmering altar of Xom.
  2293 | D:3      | Found a shimmering altar of Xom.
  2293 | D:3      | Found a radiant altar of Vehumet.
  2883 | D:4      | Reached XP level 7. HP: 48/60 MP: 7/7
  3044 | D:4      | Reached skill level 5 in Shields
  3480 | D:5      | Entered Level 5 of the Dungeon
  3515 | D:5      | Reached ** piety under Okawaru
  3709 | D:5      | Found Sushe's General Store.
  3782 | D:5      | Reached skill level 5 in Armour
  3782 | D:5      | Reached XP level 8. HP: 43/67 MP: 5/8
  3960 | D:5      | Reached skill level 5 in Fighting
  4225 | D:5      | Reached *** piety under Okawaru
  4698 | D:6      | Reached skill level 10 in Axes
  4698 | D:6      | Reached XP level 9. HP: 68/74 MP: 9/9
  4825 | D:6      | Found a hide-covered altar of Uskayaw.
  4975 | D:6      | Found a staircase to the Ecumenical Temple.
  5046 | D:6      | Found a runed translucent door.
  5047 | D:6      | Noticed Crazy Yiuf
  5055 | D:6      | Killed Crazy Yiuf
  5175 | D:6      | Found Piggeuss's Jewellery Shoppe.
  5195 | D:6      | Noticed Maggie
  5217 | D:6      | Killed Maggie
  5476 | D:6      | Reached skill level 6 in Fighting
  5544 | D:7      | Found a shimmering blue altar of Sif Muna.
  5667 | D:7      | Noticed Duvessa
  5667 | D:7      | Noticed Dowan
  5679 | D:7      | Killed Duvessa
  5687 | D:7      | Killed Dowan
  5826 | D:7      | Found a sacrificial altar of Ru.
  5845 | D:7      | Reached skill level 1 in Invocations
  5846 | D:7      | Reached **** piety under Okawaru
  6077 | D:7      | Found a radiant altar of Vehumet.
  6362 | D:8      | Found a staircase to the Lair.
  6362 | D:8      | Noticed Psyche
  6364 | D:8      | Noticed a two-headed ogre
  6367 | D:8      | Killed Psyche
  6368 | D:8      | Reached XP level 10. HP: 84/84 MP: 8/11
  6380 | D:8      | Killed a two-headed ogre
  6380 | D:8      | Reached ***** piety under Okawaru
  6381 | D:8      | Reached skill level 7 in Fighting
  7131 | D:9      | Received a gift from Okawaru
  7418 | D:9      | Reached skill level 10 in Shields
  7887 | D:9      | Found a bloodstained altar of Trog.
  7942 | D:9      | Reached skill level 8 in Fighting
  7949 | D:9      | Reached XP level 11. HP: 81/94 MP: 9/12
  8552 | D:9      | Found a burning altar of Makhleb.
  8687 | D:10     | Entered Level 10 of the Dungeon
  9100 | D:10     | Noticed a two-headed ogre
  9112 | D:10     | Killed a two-headed ogre
  9282 | D:10     | Noticed a manticore
  9290 | D:10     | Killed a manticore
  9848 | D:6      | Bought the ring of Yesterday {rN+ Will+ Str+2 Dex+2} for
                  | 490 gold pieces
  9948 | D:11     | Received a gift from Okawaru
 10447 | D:11     | Noticed a four-headed hydra
 10462 | D:11     | Killed a four-headed hydra
 10463 | D:11     | Reached skill level 9 in Fighting
 10545 | D:11     | Noticed a white ugly thing
 10563 | D:11     | Killed a white ugly thing
 10638 | D:11     | Paralysed by a hornet for 2 turns
 10969 | D:11     | Reached skill level 1 in Throwing
 11230 | D:11     | Found a staircase to the Orcish Mines.
 11576 | Orc:1    | Entered Level 1 of the Orcish Mines
 11601 | D:11     | Reached XP level 12. HP: 73/106 MP: 11/13
 11727 | D:11     | Reached skill level 10 in Fighting
 11881 | Orc:2    | Entered Level 2 of the Orcish Mines
 11881 | Orc:2    | Found Faigyza's General Store.
 11881 | Orc:2    | Noticed a two-headed ogre
 11883 | Orc:2    | Noticed a two-headed ogre
 11884 | Orc:2    | Noticed a two-headed ogre
 11884 | Orc:2    | Noticed a two-headed ogre
 11885 | Orc:2    | Noticed a two-headed ogre
 12077 | Orc:2    | Noticed an ogre mage
 12083 | Orc:1    | Killed a two-headed ogre
 12087 | Orc:1    | Killed a two-headed ogre
 12285 | Orc:1    | Killed a two-headed ogre
 12290 | Orc:1    | Killed a two-headed ogre
 12290 | Orc:1    | Reached ****** piety under Okawaru
 12290 | Orc:1    | Received a gift from Okawaru
 12291 | Orc:1    | Reached skill level 11 in Fighting
 12294 | Orc:1    | Got an iridescent hand axe {god gift}
 12295 | Orc:1    | Identified the +7 hand axe "Bysy" {vorpal, +Rage Str+2}
                  | (Okawaru gifted it to you on level 1 of the Orcish Mines)
 12668 | Orc:2    | Noticed a two-headed ogre
 12676 | Orc:1    | Killed a two-headed ogre
 12683 | Orc:2    | Noticed a two-headed ogre
 12688 | Orc:2    | Noticed a sun demon
 12688 | Orc:2    | Killed a two-headed ogre
 12689 | Orc:2    | Reached skill level 10 in Armour
 12705 | Orc:1    | Reached skill level 12 in Fighting
 13020 | Orc:1    | Noticed a sun demon
 13030 | Orc:1    | Killed a two-headed ogre
 13030 | Orc:1    | Received a gift from Okawaru
 13246 | Orc:2    | Noticed a two-headed ogre
 13357 | Orc:1    | Killed a two-headed ogre
 13358 | Orc:1    | Reached XP level 13. HP: 83/119 MP: 12/15
 13358 | Orc:1    | Received a gift from Okawaru
 13817 | Orc:2    | Noticed an ogre mage
 13827 | Orc:2    | Reached skill level 13 in Fighting
 13832 | Orc:2    | Killed an ogre mage
 14085 | Orc:2    | Received a gift from Okawaru
 14196 | Orc:2    | Found Dibbung's General Store.
 14211 | Orc:2    | Found Zappeudo's Distillery.
 14216 | Orc:2    | Found Foroetse's Gadget Shoppe.
 14240 | Orc:2    | Found a staircase to the Elven Halls.
 14369 | Orc:1    | Noticed an orc warlord
 14417 | Orc:2    | Killed an orc warlord
 14417 | Orc:2    | Received a gift from Okawaru
 14890 | Orc:2    | Noticed Erolcha
 15018 | Orc:2    | Killed Erolcha
 15459 | Orc:2    | Reached skill level 14 in Fighting
 15803 | Lair:1   | Entered Level 1 of the Lair of Beasts
 16510 | Lair:1   | Received a gift from Okawaru
 17234 | Lair:2   | Noticed Reubyar's ghost (journeyman MiBe)
 17347 | Lair:2   | Found a runed translucent gate.
 17347 | Lair:2   | Found a runed translucent gate.
 17348 | Lair:2   | Found a runed translucent gate.
 17750 | Lair:2   | Reached XP level 14. HP: 133/133 MP: 16/16
 17990 | Lair:2   | Reached skill level 5 in Throwing
 18034 | Lair:2   | Killed Reubyar's ghost
 18046 | Lair:2   | Got a flickering iron ring
 18061 | Lair:2   | Identified the ring "Pauts" {Ice rPois Str+5} (You found it
                  | on level 2 of the Lair of Beasts)
 18362 | Lair:3   | Reached skill level 15 in Fighting
 18420 | Lair:3   | Found a staircase to the Shoals.
 18656 | Lair:3   | Received a gift from Okawaru
 18657 | Lair:3   | Reached skill level 1 in Stealth
 18956 | Lair:3   | Found a dark tunnel.
 18963 | Volcano  | Entered a volcano
 19075 | Volcano  | Noticed a stone giant
 19086 | Volcano  | Killed a stone giant
 20420 | Lair:4   | Reached skill level 16 in Fighting
 20592 | Lair:4   | Found a hole to the Spider Nest.
 20913 | Lair:4   | Received a gift from Okawaru
 20922 | Lair:4   | Got a faintly glowing chain mail {god gift}
 20933 | Lair:4   | Identified the +1 chain mail "Ruwn" {-Tele rPois MP+9 SInv}
                  | (Okawaru gifted it to you on level 4 of the Lair of Beasts)
 21074 | Lair:4   | Reached XP level 15. HP: 135/144 MP: 17/17
 22499 | Lair:6   | Entered Level 6 of the Lair of Beasts
 22822 | Lair:6   | Found a staircase to the Slime Pits.
 22823 | Lair:6   | Found a viscous altar of Jiyva.
 22931 | Lair:6   | Reached skill level 17 in Fighting
 23378 | Lair:6   | Received a gift from Okawaru
 23587 | Lair:6   | Received a gift from Okawaru
 23922 | Lair:6   | Received a gift from Okawaru
 25268 | D:12     | Found a runed translucent door.
 25273 | D:12     | Found a runed translucent door.
 25274 | D:12     | Noticed a lich
 25274 | D:12     | Noticed a sphinx
 25276 | D:12     | Noticed grovkorv's ghost (journeyman BaBr)
 25458 | D:12     | Reached XP level 16. HP: 147/157 MP: 18/18
 25535 | D:12     | Reached skill level 15 in Armour
 25997 | D:12     | Identified the +1 robe of Card Tricks {rC+++}
 26033 | D:12     | Killed a sphinx
 26058 | D:12     | Killed from afar by a lich

Illustrated notes

Levels and vault maps discovered:
D:1:      lemuel_arrival_tunnels, layout_basic, okawaru_ov_weapons_minmay
D:2:      layout_rooms, minmay_pentomino_q4, uniq_terence
D:3:      layout_basic, doesnt_xom_only_xom, old_standard_altar,
          grunt_qazlal_clouds
D:4:      layout_basic, serial_undead, serial_undead_f, serial_undead_c,
          serial_undead_c, serial_undead_c, small_statue_intersection,
          minivault_25
D:5:      layout_basic, serial_shops, kennysheep_little_box
D:6:      layout_basic, lemuel_crystal_altar, minmay_temple_entry_poolview,
          serial_shops, nicolae_shop_crystal, uniq_crazy_yiuf_cottage,
          uniq_maggie
D:7:      layout_loops_ring, overflow_temple_1_default, hangedman_ru_absence,
          vehumet_altar_wand_db, uniq_duvessa
D:8:      layout_rooms, lair_entry_dummy, uniq_psyche
D:9:      layout_grid_maze, makhleb_grotto_becter, trog_ov_bears_minmay,
          serial_ice, serial_ice_g, serial_ice_h, serial_ice_b, serial_ice_l,
          serial_ice_d, serial_ice_m, serial_ice_o, serial_ice_a
D:10:     layout_layer_cave, hive_lemuel
D:11:     layout_irregular_city, orc_0_dummy, disabler_island
D:12:     layout_cave_pools, muffindrake_ghost_dual_entry, solitary_fountain
Lair:1:   layout_concentric_octagons, beast_lair_carwin_8
Lair:2:   layout_roguey, gammafunk_ghost_split, minmay_lindwurm_lava
Lair:3:   layout_roguey, minmay_shoals_entry_centaurs, enter_volcano_2,
          minmay_lair_oklob_chamber
Lair:4:   layout_long_grid, dummy_spider_entry, grunt_megastairs_1
Lair:5:   layout_gridlike
Lair:6:   minmay_lair_end_enchanted_forest, layout_hall_layers, slime_altar_1
Orc:1:    layout_caves
Orc:2:    st_orc_open, layout_caves, mines4_lemuel, uniq_erolcha

Skill      XL: |  1  2  3  4  5  6  7  8  9 10 11 12 13 14 15 16 |
---------------+-------------------------------------------------+-----
Fighting       | 4 5 6 8 9 12 14 16 17 | 17.9
Axes           | 4 5 6 8 10 11 13 14 | 14.5
Armour         | 4 5 6 8 10 12 13 14 15 | 15.0
Shields        | 4 5 7 8 10 | 10.8
Dodging        | 1 2 3 4 |  4.0
Invocations    | 1 2 3 4 |  4.0
Throwing       | 2 3 4 7 9 |  9.6
Stealth        | 1 3 4 |  4.2
Maces & Flails | |  0.7

Action                   |  1- 3 |  4- 6 |  7- 9 | 10-12 | 13-15 | 16-18 || total
-------------------------+-------+-------+-------+-------+-------+-------++-------
Melee: War axe           |    57 |   205 |   418 |   548 |       |       ||  1228
       Flail             |       |       |       |    11 |    32 |       ||    43
       Hand axe          |       |       |       |    57 |  1382 |    91 ||  1530
Throw: Boomerang         |       |       |       |    48 |   181 |    16 ||   245
Invok: Heroism           |       |     1 |     3 |    13 |     9 |     1 ||    27
  Use: Scroll            |     1 |     4 |     1 |     9 |     8 |       ||    23
       Potion            |     1 |       |     1 |     1 |       |       ||     3
 Stab: Petrified         |       |       |       |       |    20 |       ||    20
Armor: Scale mail        |    26 |    29 |       |       |       |       ||    55
       Chain mail        |       |    51 |    81 |       |       |       ||   132
       Plate armour      |       |       |    37 |   245 |   470 |    38 ||   790
Dodge: Dodged            |    18 |    41 |    87 |   311 |   470 |    46 ||   973
Block: Kite shield       |    17 |   161 |   333 |   116 |       |       ||   627
       Reflection        |       |     3 |    15 |    30 |    16 |     9 ||    73
       Buckler           |       |       |       |   460 |   678 |    58 ||  1196
